AoeStats
← ()

Arena

505112739Analyzed
1v1 RM · 24d ago on Sep 7, 2026· 37m 37s· 2 players
Game mode
Random Map
Map size
Tiny (2 player)
Population
200
Speed
Normal
Resources
Standard
Victory
Conquest
Starting age
Dark Age
Ending age
Imperial Age
RankedLock teamsTeams togetherTeam positionsShared explorationLock speedFull tech treeHidden civsTurbo modeCheats
Victory
Defeat
🇦🇷 Chinese · Argentina
712
+15
🇺🇸 Franks · United States
692
-35
()
7:53 Loom
14:44 Feudal Age
16:54 Wheelbarrow
16:22 Gold Mining
16:23 Stone Mining
16:20 Double-Bit Axe
19:07 Town Watch
22:14 Scale Barding Armor
22:32 Forging
25:31 Castle Age
26:32 Hand Cart
27:00 Gold Shaft Mining
26:39 Bow Saw
27:01 Chain Barding Armor
27:12 Light Cavalry
27:57 Husbandry
30:15 Town Patrol
32:37 Ballistics
31:55 Crossbowman
36:27 Imperial Age
37:03 Siphons
38:25 Chemistry
36:55 Heavy Cavalry Archer
Piscua5432
0:30 Loom
10:11 Feudal Age
11:27 Wheelbarrow
10:39 Double-Bit Axe
10:36 Horse Collar
19:27 Castle Age
20:23 Hand Cart
20:13 Heavy Plow
20:26 Bow Saw
20:07 Gold Mining
20:48 Squires
22:15 Stone Mining
23:00 Gold Shaft Mining
24:27 Scale Mail Armor
24:37 Forging
31:18 Imperial Age
29:22 Chain Mail Armor
29:43 Iron Casting
31:37 Town Watch
32:28 Conscription
31:44 Elite Fire Lancer
33:19 Town Patrol
33:53 Plate Mail Armor
34:23 Blast Furnace
33:14 Arson
35:38 Chemistry
34:59 Ballistics
35:16 Murder Holes
Connection lost

Rejoining the realm…

Still unreachable

The connection could not be restored.

Session expired

The server has moved on; the page needs a fresh start.